AoeStats
← Abacaxi de Marataízes ^_~

Black Forest

504569572Analyzed
4v4 RM · 27d ago on Sep 5, 2026· 84m 8s· 8 players
Game mode
Random Map
Map size
Large (8 player)
Population
200
Speed
Normal
Resources
Standard
Victory
Conquest
Starting age
Dark Age
Ending age
Imperial Age
RankedLock teamsTeams togetherTeam positionsShared explorationLock speedFull tech treeHidden civsTurbo modeCheats
Victory
Defeat
🇧🇷 Wu · Brazil
990
+10
🇧🇷 Celts · Brazil
986
+10
🇧🇷 Aztecs · Brazil
948
+11
🇧🇷 Khmer · Brazil
682
+21
🇮🇹 Britons · Italy
858
-15
🇸🇪 Georgians · Sweden
844
-13
🇧🇷 Britons · Brazil
843
-13
🇧🇷 Inca · Brazil
791
-11
Rude_Boy_Stig
1:20 Loom
12:45 Feudal Age
14:56 Double-Bit Axe
17:33 Castle Age
18:55 Bow Saw
21:19 Fishing Lines
23:17 Pikeman
25:04 Gillnets
25:08 Fletching
27:18 Stone Mining
27:10 Horse Collar
27:22 Gold Mining
32:25 Imperial Age
30:07 Heavy Plow
31:09 Bodkin Arrow
31:15 Scale Mail Armor
31:26 Forging
31:38 Scale Barding Armor
31:34 Padded Archer Armor
34:32 Caravan
34:46 Guilds
34:05 Light Cavalry
35:02 Town Watch
35:53 Wheelbarrow
36:26 Bracer
36:49 Svan Towers
36:15 Onager
37:25 Chain Barding Armor
38:57 Iron Casting
38:58 Plate Barding Armor
39:59 Bloodlines
39:10 Hussar
40:49 Ballistics
40:22 Guard Tower
40:55 Arrowslits
41:24 Masonry
43:34 Blast Furnace
42:41 Husbandry
44:24 Keep
44:50 Chemistry
44:21 Architecture
44:59 Crop Rotation
44:59 Siege Engineers
45:51 Siege Onager
46:41 Treadmill Crane
62:03 Conscription
61:51 Murder Holes
Midoriko
0:30 Loom
17:58 Feudal Age
26:29 Castle Age
24:18 Double-Bit Axe
26:35 Stone Mining
27:50 Pikeman
28:31 Squires
29:20 Crossbowman
32:45 Bow Saw
32:37 Scale Mail Armor
36:15 Gold Mining
41:02 Imperial Age
39:08 Wheelbarrow
38:20 Town Watch
42:45 Padded Archer Armor
42:36 Fletching
43:50 Ballistics
45:31 Murder Holes
46:21 Fortified Wall
48:30 Chemistry
51:11 Halberdier
52:46 Chain Mail Armor
52:48 Leather Archer Armor
52:45 Forging
57:45 Elite Longbowman
58:52 Husbandry
Abacaxi de Marataízes ^_~
15:16 Feudal Age
15:32 Feudal Age
17:29 Horse Collar
17:35 Double-Bit Axe
18:59 Gold Mining
21:41 Fletching
26:37 Castle Age
24:41 Stone Mining
28:03 Bow Saw
27:56 Heavy Plow
29:11 Bodkin Arrow
30:25 Forging
31:00 Scale Mail Armor
32:16 Scale Mail Armor
35:29 Gold Shaft Mining
35:01 Heavy Plow
35:21 Loom
35:57 Chain Mail Armor
41:02 Imperial Age
41:04 Iron Casting
44:21 Capped Ram
44:24 Onager
~Giulia~
0:31 Loom
10:52 Feudal Age
11:38 Gold Mining
11:40 Double-Bit Axe
11:43 Town Watch
13:53 Horse Collar
21:15 Castle Age
20:30 Gold Mining
20:35 Fletching
21:27 Crossbowman
22:21 Padded Archer Armor
23:22 Wheelbarrow
26:04 Murder Holes
26:51 Ballistics
26:58 Bow Saw
26:51 Heavy Plow
28:14 Treadmill Crane
28:26 Stone Mining
28:19 Pikeman
32:15 Masonry
34:59 Imperial Age
34:23 Forging
34:13 Scale Mail Armor
34:09 Bodkin Arrow
34:29 Leather Archer Armor
35:43 Warwolf
35:21 Halberdier
35:47 Gambesons
36:03 Squires
38:47 Arson
39:34 Yeomen
39:33 Siege Engineers
42:25 Gold Shaft Mining
41:16 Elite Longbowman
43:43 Iron Casting
43:44 Bracer
44:30 Conscription
45:16 Hand Cart
45:54 Chain Mail Armor
48:22 Hoardings
55:02 Ring Archer Armor
55:33 Blast Furnace
55:03 Plate Mail Armor
Nbzinho
3:16 Loom
13:32 Feudal Age
17:50 Castle Age
16:44 Double-Bit Axe
18:03 Horse Collar
19:09 Fletching
21:59 Bloodlines
24:22 Bow Saw
25:00 Husbandry
30:48 Scale Barding Armor
32:21 Gold Mining
32:34 Heavy Plow
33:35 Wheelbarrow
34:31 Gold Shaft Mining
34:06 Bodkin Arrow
34:57 Stone Mining
35:36 Red Cliffs Tactics
37:34 Padded Archer Armor
38:26 Hand Cart
40:42 Imperial Age
38:58 Chain Barding Armor
39:35 Stone Shaft Mining
41:59 Ballistics
41:23 Elite Fire Archer
42:04 Sitting Tiger
43:41 Chemistry
44:19 Heavy Hei Guang Cavalry
45:45 Plate Barding Armor
45:10 Bracer
45:30 Redemption
49:13 Conscription
52:45 Two-Man Saw
56:26 Conscription
57:21 Forging
59:36 Leather Archer Armor
59:57 Iron Casting
84:19 Blast Furnace
RodrigoOBOMM
9:44 Loom
12:34 Feudal Age
13:42 Scale Mail Armor
13:53 Forging
18:31 Double-Bit Axe
18:29 Horse Collar
22:26 Castle Age
22:17 Wheelbarrow
23:29 Eagle Warrior
25:43 Fervor
30:37 Bow Saw
30:45 Redemption
31:56 Town Watch
32:28 Chain Mail Armor
32:24 Squires
34:20 Iron Casting
35:01 Gambesons
35:04 Arson
38:28 Elite Skirmisher
39:59 Pikeman
43:14 Imperial Age
41:02 Hand Cart
41:40 Town Patrol
45:09 Blast Furnace
44:41 Plate Mail Armor
45:12 Blast Furnace
43:37 Capped Ram
43:54 Elite Eagle Warrior
44:55 Heavy Plow
46:05 Sanctity
45:45 Devotion
46:11 Illumination
55:19 Siege Ram
59:56 Onager
61:15 Conscription
61:20 Atlatl
66:56 Man-at-Arms
75:28 Chemistry
74:51 Ballistics
78:42 Fletching
78:52 Padded Archer Armor
81:15 Leather Archer Armor
80:56 Bodkin Arrow
Krizao
0:26 Loom
15:22 Feudal Age
16:57 Double-Bit Axe
24:58 Castle Age
26:16 Bow Saw
35:27 Wheelbarrow
36:00 Town Watch
40:31 Imperial Age
41:29 Horse Collar
42:12 Hand Cart
41:38 Onager
42:20 Gold Mining
43:14 Town Patrol
43:16 Scale Mail Armor
44:21 Heavy Plow
45:08 Conscription
45:01 Caravan
45:52 Heavy Scorpion
47:21 Elite Woad Raider
50:10 Chain Mail Armor
50:05 Forging
50:10 Furor Celtica
49:40 Light Cavalry
50:21 Husbandry
51:15 Gold Shaft Mining
52:10 Plate Mail Armor
51:24 Capped Ram
52:16 Stronghold
53:17 Iron Casting
52:17 Siege Ram
56:48 Blast Furnace
55:42 Siege Onager
56:25 Fletching
56:58 Ballistics
57:38 Chemistry
56:44 Siege Engineers
56:50 Masonry
57:56 Bodkin Arrow
59:16 Padded Archer Armor
60:20 Leather Archer Armor
60:18 Fortified Wall
61:15 Scale Barding Armor
61:03 Hussar
62:40 Ring Archer Armor
62:31 Chain Barding Armor
61:35 Cavalier
63:16 Pikeman
63:41 Gambesons
63:42 Arson
68:43 Man-at-Arms
68:57 Halberdier
70:50 Paladin
73:27 Spies/Treason
Gustavo
0:27 Loom
12:38 Feudal Age
20:19 Wheelbarrow
22:01 Castle Age
21:43 Horse Collar
21:54 Double-Bit Axe
22:01 Stone Mining
22:04 Gold Mining
23:14 Bow Saw
23:08 Heavy Plow
25:27 Elite Skirmisher
26:16 Pikeman
41:48 Imperial Age
39:54 Wheelbarrow
41:26 Tusk Swords
43:33 Caravan
43:22 Capped Ram
48:30 Halberdier
51:36 Crop Rotation
52:14 Ballistics
52:55 Chemistry
51:50 Fletching
52:43 Bloodlines
52:33 Husbandry
51:54 Light Cavalry
53:12 Cavalier
65:18 Hussar
Connection lost

Rejoining the realm…

Still unreachable

The connection could not be restored.

Session expired

The server has moved on; the page needs a fresh start.